 Dungeon Crawl Stone Soup version 0.30-a0-652-gcc886f7154 (webtiles) character file.

Game seed: 1271253491277689866

457 bmack86 the Chopper (level 6, -8/56 HPs)
             Began as a Minotaur Fighter on Jan 17, 2023.
             Mangled by an ogre
             ... wielding a +0 giant spiked club
              (14 damage)
             ... on level 4 of the Dungeon.
             The game lasted 00:06:32 (3310 turns).

bmack86 the Chopper (Minotaur Fighter)              Turns: 3310, Time: 00:06:33

Health: -8/56      AC: 17    Str: 23    XL:     6   Next: 77%
Magic:  5/5        EV: 10    Int: 11    God:
Gold:   156        SH:  9    Dex:  9    Spells: 5/5 levels left

rFire   . . .      SeeInvis .    a - +1 war axe
rCold   . . .      Faith    .    c - +0 buckler
rNeg    . . .      Spirit   .    v - +10 ring mail of Uskaso Dai {rPois}
rPois   +          Reflect  +    (helmet restricted)
rElec   .          Harm     .    h - +0 cloak
rCorr   .          Rampage  .    (no gloves)
Will    .....                    (no boots) Stlth
                                 n - amulet of reflection
HPRegen 0.29/turn                m - +6 ring of intelligence
MPRegen 0.09/turn                (no ring)

@: mighty
A: horns 2, retaliatory headbutt
a: no special abilities


You were on level 4 of the Dungeon.
You visited 1 branch of the dungeon, and saw 4 of its levels.

You collected 156 gold pieces.

Inventory:

Hand Weapons
 a - a +1 war axe (weapon)
Missiles
 t - 9 poisoned darts (quivered)
Armour
 c - a +0 buckler (worn)
 h - a +0 cloak (worn)
 p - a scarf of harm
 v - the +10 ring mail of Uskaso Dai (worn) {rPois}
   (You found it on level 3 of the Dungeon)

   rPois:     It protects you from poison.
Jewellery
 m - a +6 ring of intelligence (left hand)
 n - an amulet of reflection (around neck)
Scrolls
 l - 3 scrolls of fog
 q - a scroll of enchant weapon
Potions
 e - a potion of attraction
 g - a potion of curing {unknown}
 i - 2 potions of lignification
 o - a potion of ambrosia
 r - 2 potions of mutation {unknown}


   Skills:
 + Level 5.0 Fighting
 * Level 5.6 Axes
 + Level 2.0 Throwing
 + Level 5.0 Armour
 + Level 5.1 Shields


You had 5 spell levels left.
You didn't know any spells.
Your spell library was empty.

Dungeon Overview and Level Annotations

Branches:
Dungeon (4/15)
 Temple: D:4-7

Altars:
Gozag
Nemelex Xobeh

Shops:
D:2 (


Innate Abilities, Weirdness & Mutations

You have a pair of horns on your head.
You reflexively headbutt those who attack you in melee.


Message History

You barely miss the orc.
The ogre shouts!
You headbutt the orc, but do no damage. You hit the orc.
You hit something but do no damage. The orc barely misses you.
Something hits you but does no damage. You block the orc's attack.
You miss something. You hit the orc. You closely miss the orc.
Something hits you. The orc barely misses you. You furiously retaliate!
You headbutt the orc!
You kill the orc!
The orc hits you but does no damage.
You closely miss something. Your headbutt misses something. You hit the orc.
You kill the orc!
Something hits you but does no damage.
You barely miss something.
You hear some strange, mumbled words.
A puff of flame appears from out of thin air!
The puff of flame reflects off an invisible shield around you!
You miss something. Your headbutt misses something.
Something hits you but does no damage.
You hear some strange, mumbled words.
Something tries to affect you, but you resist.
You hit something. Something hits you but does no damage.
You closely miss something. Your headbutt misses something.
You barely miss the ogre. You block something's attack.
The ogre hits you but does no damage.
You miss something. You hit the ogre. Something hits you.
The ogre hits you with a +0 giant spiked club!!
You barely miss something. Your headbutt misses something.
You barely miss the ogre.
You hear some strange, mumbled words.
Something tries to affect you, but you resist.
The ogre hits you with a +0 giant spiked club!
* * * LOW HITPOINT WARNING * * *
Something hits you.
* * * LOW HITPOINT WARNING * * *
You barely miss something. You headbutt something.
You completely miss the ogre. You block something's attack.
You feel very mighty all of a sudden.
The ogre hits you with a +0 giant spiked club!
You die...

#..............
............... .
............... ..
...##.))†...... ...
#########..).##.... #...
#......##....# ....
#....##......##....##....
..............#..........
.......<@.....'..........
.....##O{....##....##....
#.. #......##....# #### #
................#
.$...............#
...##......##.....# ...
#......##.....# ..
####'####.....#


You could see an ogre.

Vanquished Creatures
  A black bear (D:4)
  An ogre (D:3)
  A phantom (D:4)
  An iguana (D:3)
  Natasha (D:4)
  Robin (D:2)
  4 gnolls (D:4)
  An adder (D:4)
  A worm (D:2)
  2 dart slugs
  9 orcs
  7 ball pythons
  3 bats
  6 endoplasms
  2 giant cockroaches
  13 goblins
  7 hobgoblins
  4 jackals (D:4)
  A quokka (D:1)
  5 frilled lizards
  7 kobolds
  7 rats
85 creatures vanquished.

Notes
Turn   | Place    | Note
-------+----------+-------------------------------------------
     0 | D:1      | bmack86 the Minotaur Fighter began the quest for the Orb.
     0 | D:1      | Reached XP level 1. HP: 19/19 MP: 0/0
   268 | D:1      | Reached XP level 2. HP: 27/27 MP: 1/1
  1256 | D:2      | Noticed Robin
  1264 | D:2      | Reached XP level 3. HP: 30/33 MP: 2/2
  1267 | D:2      | Killed Robin
  1505 | D:2      | Found Qiogg's Antique Weapon Shoppe.
  2144 | D:3      | Found a sparkling altar of Nemelex Xobeh.
  2184 | D:3      | Reached XP level 4. HP: 40/40 MP: 3/3
  2250 | D:3      | Noticed an ogre
  2256 | D:3      | Killed an ogre
  2257 | D:3      | Reached XP level 5. HP: 47/47 MP: 4/4
  2263 | D:3      | Identified the +10 ring mail of Uskaso Dai {rPois}
  2304 | D:3      | Reached skill level 1 in Throwing
  2649 | D:3      | Found an opulent altar of Gozag.
  2896 | D:3      | Found a faded altar of an unknown god.
  2952 | D:4      | Noticed a black bear
  2960 | D:4      | Killed a black bear
  2961 | D:4      | Reached skill level 5 in Axes
  2961 | D:4      | Reached XP level 6. HP: 48/53 MP: 5/5
  3204 | D:4      | Reached skill level 5 in Shields
  3269 | D:4      | Noticed Natasha
  3280 | D:4      | Killed Natasha
  3281 | D:4      | Reached skill level 5 in Fighting
  3281 | D:4      | Reached skill level 5 in Armour
  3310 | D:4      | Mangled by an ogre

Illustrated notes

Levels and vault maps discovered:
D:1:      giann_forest_graveyard, layout_basic
D:2:      layout_basic, serial_shops, shop, uniq_robin
D:3:      layout_basic, mainiacjoe_overflow_alcove_4, mainiacjoe_overflow_paths,
          ebering_ecumenical_altar_petrified, kennysheep_generic_room_2
D:4:      layout_gridville, gammafunk_temple_overflow_pools,
          nicolae_wu_jian_glorious_leap, lemuel_zombie_altar_kikubaaqudgha,
          minmay_temple_entry_enclosed_plants, uniq_natasha, uniq_duvessa,
          uniq_eustachio, uniq_sigmund

Skill      XL: |  1  2  3  4  5  6 |
---------------+-------------------+-----
Axes           | 3 4 5 |  5.6
Shields        | 4 5 |  5.1
Fighting       | 4 5 |  5.0
Armour         | 4 5 |  5.0
Throwing       | 1 2 |  2.0

Action                   |  1- 3 |  4- 6 || total
-------------------------+-------+-------++-------
Melee: War axe           |    94 |    70 ||   164
       Headbutt          |    12 |    15 ||    27
Throw: Dart              |       |     3 ||     3
  Use: Scroll            |     3 |     7 ||    10
       Potion            |       |     2 ||     2
Armor: Scale mail        |    41 |       ||    41
       Ring mail         |       |    47 ||    47
Dodge: Dodged            |    35 |    35 ||    70
Block: Buckler           |    27 |    53 ||    80
       Reflection        |     2 |     3 ||     5

Table legend: (Time is in decaauts)
 A = Elapsed time spent in this place.
 B = Non-inter-level travel time spent in this place.
 C = Inter-level travel time spent in this place.
 D = Time resting spent in this place.
 E = Time spent auto-exploring this place.
 F = Levels seen in this place.
 G = Mean time per level.
                   A        B        C        D        E       F      G
               +--------+--------+--------+--------+--------+-----+--------+
         Total |   3366 |   3196 |    170 |     70 |   2355 |   4 |  841.5 |
       Dungeon |   3366 |   3196 |    170 |     70 |   2355 |   4 |  841.5 |
               +--------+--------+--------+--------+--------+-----+--------+

Top non-repeatable levels by time:
     D:2: 1278 daAuts
     D:3: 1036 daAuts
     D:1: 789 daAuts
     D:4: 261 daAuts
